 Dungeon Crawl Stone Soup version 0.18-a0-900-gbbf5c82 (webtiles) character file.

570980 JokEr the Impregnable (level 25, -24/243 HPs)
             Began as a Minotaur Fighter on Dec 22, 2015.
             Was the Champion of the Shining One.
             Killed from afar by a hellion (35 damage)
             ... with a burst of hellfire
             ... on level 10 of a ziggurat on Dec 24, 2015.
             The game lasted 05:38:30 (71343 turns).

JokEr the Impregnable (Minotaur Fighter)           Turns: 71343, Time: 05:38:30

Health: -24/243    AC: 39    Str: 36    XL:     25   Next: 64%
Magic:  8/34       EV: 23    Int:  5    God:    the Shining One [******]
Gold:   4457       SH: 39    Dex: 21    Spells: 0 memorised, 24 levels left

rFire  . . .     SeeInvis .     z - +9 eudemon blade (holy)
rCold  + . .     Gourm    .     b - +9 plate armour {MR+}
rNeg   + + +     Faith    .     p - +4 large shield of Springtime {Dex+4}
rPois  .         Spirit   .     d - +2 hat {MR+}
rElec  .         Dismiss  .     j - +1 cloak
rCorr  .         Reflect  .     F - +0 pair of gloves
SustAt .         Harm     .     H - +0 pair of boots
MR     ++++.                    h - amulet of regeneration
Stlth  ..........               v - ring of Izxewet {Ice *Contam rN+ Str+5}
                                Q - ring of Soitiq {rF+ MR+ Dex+5}

@: liquid flames, divine shield, glowing, incredibly resistant to hostile
enchantments, extremely unstealthy
A: retaliatory headbutt, horns 2, screaming 2, slow regeneration 1, subdued
magic 1
a: Divine Shield, Cleansing Flame, Summon Divine Warrior, Renounce Religion
}: 3/15 runes: decaying, slimy, gossamer


You were on level 10 of a ziggurat.
You worshipped the Shining One.
The Shining One was exalted by your worship.
You were near starving.

You visited 11 branches of the dungeon, and saw 55 of its levels.
You visited 2 bazaars.
You visited 1 ziggurat, and saw 10 of its levels.
You also visited: Bailey and Ice Cave.

You collected 8887 gold pieces.
You spent 4430 gold pieces at shops.

Inventory:

Hand Weapons
 t - the +8 autumn katana {slice, Clar}
   (You found it on level 1 of the Depths)

   It inflicts extra damage upon your enemies.
   It protects you against confusion.
 z - a +9 eudemon blade of holy wrath (weapon)
Armour
 b - a +9 plate armour of magic resistance (worn)
 d - a +2 hat of magic resistance (worn)
 e - a +0 fire dragon armour
 j - a +1 cloak (worn)
 p - the +4 large shield of Springtime (worn) {Dex+4}
   (You bought it in a shop on level 2 of the Elven Halls)

   It affects your dexterity (+4).
 x - a +7 ice dragon armour
 F - a +0 pair of gloves (worn)
 H - a +0 pair of boots (worn)
 W - a +3 shadow dragon armour
Jewellery
 c - an uncursed amulet of resist corrosion
 h - an amulet of regeneration (around neck)
 m - an uncursed ring of fire
 v - the ring of Izxewet (right hand) {Ice *Contam rN+ Str+5}
   (You found it on level 2 of the Spider Nest)

   [ring of ice]

   It enhances your ice magic, and weakens your fire magic.
   It affects your strength (+5).
   It makes you vulnerable to fire.
   It protects you from cold.
   It protects you from negative energy.
   It causes magical contamination when unequipped.
 L - an uncursed ring of sustain attributes
 Q - the ring of Soitiq (left hand) {rF+ MR+ Dex+5}
   (You found it on level 3 of the Crypt)

   [ring of protection from magic]

   It affects your dexterity (+5).
   It protects you from fire.
   It affects your resistance to hostile enchantments.
Wands
 g - a wand of fire (9/15)
 k - a wand of digging (1/24)
 q - a wand of digging (6/24)
 B - a wand of teleportation (9/9)
 C - a wand of heal wounds (5/9)
Scrolls
 a - 5 scrolls of recharging
 o - 26 scrolls of remove curse
 r - a scroll of magic mapping
 s - 9 scrolls of teleportation
 w - 6 scrolls of enchant weapon
 D - 2 scrolls of fear
 K - a scroll of silence
 O - a scroll of identify
 S - 12 scrolls of fog
Potions
 i - 2 potions of agility
 n - 5 potions of magic
 E - a potion of brilliance
 G - a potion of cancellation
 I - 4 potions of curing
 J - a potion of beneficial mutation
 N - 4 potions of haste
 T - 2 potions of invisibility
Miscellaneous
 V - a fan of gales
 X - a lamp of fire
Comestibles
 f - 12 bread rations
 l - 8 beef jerkies
 u - 23 fruits
 A - 18 meat rations
 M - 7 slices of pizza
 Z - 22 royal jellies


   Skills:
 - Level 23.0 Fighting
 - Level 22.9 Long Blades
 - Level 24.1 Armour
 - Level 18.3 Dodging
 - Level 18.4 Shields
 + Level 10.9 Invocations
 - Level 17.1 Evocations


You had 24 spell levels left.
You didn't know any spells.

Dungeon Overview and Level Annotations

Branches:
Dungeon (15/15)            Temple (1/1) D:5            Lair (8/8) D:8
  Swamp (4/4) Lair:6       Spider (4/4) Lair:6        Slime (6/6) Lair:6
    Orc (2/2) D:12            Elf (3/3) Orc:2        Vaults (4/5) D:13
  Crypt (3/3) Vaults:3       Tomb (0/3) Crypt:3      Depths (5/5) D:15
    Zot (0/5) Depths:5

Altars:
Ashenzari
Cheibriados
Dithmenos
Elyvilon
Fedhas
Gozag
Kikubaaqudgha
Makhleb
Nemelex Xobeh
Okawaru
Pakellas
Qazlal
Ru
Sif Muna
Trog
Vehumet
Xom
Yredelemnul
Zin
The Shining One
Beogh

Shops:
D:8 [   Orc:1 =   Orc:2 }?[?   Elf:2 ([=[*   Vaults:1 =   Depths:1 :
Depths:5 [

Portals:
Hell: Depths:1 Depths:2 Depths:3 Depths:5
Abyss: Depths:2
Pandemonium: Orc:2 Depths:1 Depths:3


Innate Abilities, Weirdness & Mutations

You reflexively headbutt those who attack you in melee.
You have a pair of horns on your head.
You sometimes yell uncontrollably at your foes.
You regenerate slowly when monsters are visible.
Your spells are a little easier to cast, but a little less powerful.


Message History

There is a gate leading back out of this place here.
You see here a runed chain mail.
Zapping:
C - a wand of heal wounds (6/9)
Press: ? - help, Shift-Dir - straight line, f - you You feel much better.
This wand has 5 charges left.
You are covered in liquid flames!
* * * LOW HITPOINT WARNING * * *
The hellion gestures at you.
The hellfire explodes!
The burst of hellfire engulfs you!
* * * LOW HITPOINT WARNING * * *
The burst of hellfire engulfs the shadow dragon zombie.
The burst of hellfire engulfs the elf skeleton.
The tormentor calls on the powers of darkness!
Your daeva convulses!
Your body is wracked with pain!
* * * LOW HITPOINT WARNING * * *
Your angel convulses!
The hellion gestures at you.
The hellfire explodes!
The burst of hellfire engulfs you!
You die...

▓▓▓▓▓.▓▓▓▓▓
▓▓.........▓▓
▓▓....A......▓▓
▓▓..2..........▓▓
▓▓....4ZZ...A....▓▓
▓...h....A........▓
▓...42.2###.A.....▓
▓::[.zZ## #......▓
▓!@Z2.## ##...).▓
▓.$>Z}.# #...∩..
▓▓)∩Zh.# #.....▓
▓=??...# #......▓
▓......Z# #VZ.....▓
▓.......V.........▓
▓▓.......Z.......▓▓
▓▓.............▓▓
.......▓▓


You could see a reaper, 2 hell hogs, 2 hellions, a tormentor, a vampire
(invisible), 2 red devils, a flying skull, a shadow dragon zombie, a fire giant
zombie, a frost giant zombie, a tengu zombie, an iron dragon skeleton, a golden
dragon skeleton, an elf skeleton, an elf skeleton, a friendly daeva and a
friendly angel.

Vanquished Creatures
  the Royal Jelly (Slime:6)
  2 ancient liches (Crypt:3)
  Khufu (Crypt:1)
  The ghost of WhatIsLove the Executioner, a legendary DsBe of Cheibriados (Zig:7)
  2 greater mummies (Crypt:1)
  Margery (Crypt:1)
  Saint Roka (Depths:1)
  Norris (Elf:2)
  Nikola (Spider:2)
  Jory (Depths:3)
  2 bone dragons
  4 liches
  A pandemonium lord (Zig:9)
  Jorgrun (Spider:2)
  Rupert (Lair:7)
  3 tentacled monstrosities
  A quicksilver dragon (Depths:4)
  2 titans
  4 deep elf blademasters
  5 deep elf master archers (Elf:3)
  15 acid blobs
  The ghost of M4edhros the Prestidigitator, an adept OpAr of Fedhas (Vaults:3)
  An Executioner (Zig:9)
  An acid blob (shapeshifter) (Depths:3)
  A tentacled starspawn (Zig:2)
  Frances (Spider:2)
  2 warmongers (Zig:9)
  Agnes (Elf:2)
  Gastronok (D:12)
  2 ancient champions
  2 shadow dragons
  A thorn hunter (Swamp:3)
  5 storm dragons
  Roxanne (Spider:4)
  A draconian monk (Zig:7)
  A tengu reaver (Depths:5)
  5 fire giants
  A revenant (Zig:5)
  14 azure jellies
  Maud (Lair:6)
  Wiglaf (Vaults:2)
  A frost giant (shapeshifter) (Depths:3)
  10 vault wardens
  9 deep elf sorcerers
  An iron dragon (Depths:5)
  6 frost giants
  A draconian knight (Depths:5)
  A cacodemon (Zig:9)
  A balrug (Zig:9)
  7 emperor scorpions
  3 ghost moths
  Aizul (Swamp:3)
  A draconian zealot (Zig:7)
  2 deep elf elementalists (Elf:3)
  16 ironheart preservers
  2 curse skulls (Crypt:3)
  A ghoul (Vaults:3)
  2 reapers (Crypt:2)
  A spriggan defender (Depths:1)
  A draconian annihilator (Depths:5)
  12 very ugly things
  6 war gargoyles
  A draconian caller (Zig:7)
  7 stone giants
  2 salamander stormcallers
  3 deep elf demonologists
  Nessos (D:12)
  3 purple draconians
  9 deep elf annihilators
  3 red draconians (Depths:5)
  A black draconian (Zig:7)
  A white draconian (Depths:5)
  7 vampire knights
  9 ettins
  A black sun (Zig:9)
  2 spark wasps
  6 eidola
  A mottled draconian (Depths:5)
  9 crystal guardians (Depths:3)
  2 large abominations
  5 jiangshi
  2 rakshasas
  5 deep elf death magi (Elf:3)
  3 death oozes
  A minotaur (Depths:1)
  10 entropy weavers
  6 fire dragons
  7 vault guards
  9 great orbs of eyes
  5 deep elf high priests
  9 yaktaur captains
  3 spriggan air magi
  A hydra (shapeshifter) (Depths:3)
  An ice dragon (Depths:5)
  An anaconda (shapeshifter) (Depths:3)
  24 hydras
  An entropy weaver (shapeshifter) (Depths:3)
  A ghost crab (Swamp:4)
  A death knight (Crypt:3)
  2 alligator snapping turtles (Zig:6)
  The ghost of crawlian the Thaumaturge, a journeyman DEEE of Vehumet (Lair:5)
  5 centaur warriors
  12 ogre magi
  44 dancing weapons
  13 alligators
  7 death yaks
  10 vampire magi
  A soul eater (Depths:5)
  4 deep troll shamans
  10 orc high priests (Orc:2)
  A death yak (shapeshifter) (Depths:3)
  7 deep troll earth magi
  Urug (D:12)
  A titan zombie (Crypt:3)
  4 tengu warriors
  2 spriggan berserkers (Depths:5)
  Nergalle (D:10)
  A storm dragon zombie (Crypt:1)
  29 deep elf knights
  An iron golem (Depths:3)
  7 shadow wraiths
  Sonja (D:11)
  6 unseen horrors
  13 skeletal warriors
  A fire crab (Vaults:2)
  A golden dragon zombie (Crypt:1)
  An iron troll (shapeshifter) (Depths:3)
  15 hell knights
  3 iron trolls
  A wizard (Vaults:1)
  3 sea snakes (Zig:6)
  A giant orange brain (shapeshifter) (Depths:3)
  21 deep trolls
  2 tengu zombies
  6 spriggan druids
  The ghost of 4thArraOfDagon the Cleaver, a novice HOGl of Makhleb (D:12)
  35 deep elf archers
  11 swamp dragons
  2 infernal demonspawn (Orc:2)
  17 phantasmal warriors
  2 swamp dragons (shapeshifter)
  9 hill giants
  13 ironbrand convokers
  5 shambling mangroves
  13 orc knights
  6 necromancers
  A sphinx zombie (Vaults:3)
  2 anaconda skeletons
  3 obsidian statues (Depths:3)
  An orb spider (shapeshifter) (Vaults:1)
  4 giant orange brains
  76 deep elf magi
  8 griffons
  A manticore (shapeshifter) (Vaults:3)
  An iron dragon zombie (Crypt:3)
  14 orb spiders
  2 stone giant zombies (Crypt:3)
  5 cyclopes
  48 ugly things
  A shining eye (shapeshifter) (Depths:3)
  2 shadow dragon skeletons
  11 flayed ghosts
  A tengu skeleton (Vaults:3)
  5 manticores
  3 moths of wrath
  36 wolf spiders
  2 fire giant zombies
  A sphinx skeleton (Crypt:1)
  4 elephants (Lair:5)
  3 sixfirhies
  10 hornets
  A water nymph (Zig:6)
  A stone giant skeleton (Vaults:3)
  An octopode (shapeshifter) (Depths:3)
  An elephant (shapeshifter) (Depths:3)
  6 orc sorcerers
  2 moths of wrath (shapeshifter) (Depths:3)
  Joseph (D:10)
  An apocalypse crab (Zig:4)
  6 black mambas
  8 shining eyes
  Psyche (D:10)
  2 guardian serpents (Depths:2)
  An eye of devastation (Slime:2)
  A black mamba (shapeshifter) (Depths:3)
  11 vault sentinels
  2 ice statues
  20 spiny frogs
  An orange demon (Orc:2)
  2 smoke demons (Crypt:3)
  3 torpor snails
  3 molten gargoyles (Depths:3)
  An eye of devastation (shapeshifter) (Depths:3)
  9 gargoyles
  A spriggan zombie (Zig:3)
  8 komodo dragons
  2 emperor scorpion zombies (Crypt:3)
  24 demonic crawlers
  A yaktaur zombie (Vaults:3)
  4 kobold demonologists
  53 yaktaurs
  4 fire drakes
  A fire drake (shapeshifter) (Depths:3)
  An ice devil (Orc:2)
  4 polar bears
  A yaktaur skeleton (Vaults:2)
  20 freezing wraiths
  2 merfolk (Zig:6)
  A tengu conjurer (D:14)
  7 red devils
  A white draconian skeleton (Crypt:2)
  20 jumping spiders
  A merfolk (shapeshifter) (Depths:3)
  12 trolls
  2 raiju
  5 giant leeches
  18 two-headed ogres
  A hydra skeleton (Crypt:3)
  A queen bee (D:13)
  2 wind drakes (Depths:3)
  2 bog bodies
  A boulder beetle (shapeshifter) (Depths:3)
  An iron dragon simulacrum (Crypt:1)
  A two-headed ogre (shapeshifter) (Vaults:3)
  15 blink frogs
  119 slime creatures
  An ettin zombie (Crypt:3)
  A redback (shapeshifter) (Depths:2)
  5 shadows
  7 boulder beetles
  2 spriggans (shapeshifter)
  A tarantella (shapeshifter) (Vaults:3)
  18 water elementals
  An ice dragon skeleton (Crypt:1)
  A yak (shapeshifter) (Depths:1)
  33 tarantellas
  17 air elementals
  22 trapdoor spiders
  9 spriggans
  An ettin skeleton (Zig:3)
  41 redbacks
  7 fire elementals
  7 vampires
  11 wraiths
  A salamander simulacrum (Vaults:3)
  12 hippogriffs
  6 hungry ghosts
  5 wyverns
  49 yaks
  A black mamba skeleton (Crypt:1)
  3 chaos spawn
  10 basilisks
  2 basilisks (shapeshifter)
  4 steam dragons (Lair:8)
  3 death yak simulacra (IceCv)
  39 vampire mosquitoes
  4 wargs
  Menkaure (D:7)
  29 wolves
  5 golden eyes (Slime:3)
  5 mottled dragons
  A soldier ant (D:13)
  16 insubstantial wisps
  21 swamp worms
  A merfolk zombie (Crypt:2)
  A soldier ant (shapeshifter) (Vaults:1)
  6 water moccasins
  A faun skeleton (Crypt:2)
  2 hell hounds (D:15)
  A deep troll skeleton (Crypt:2)
  12 swamp drakes
  A merfolk skeleton (Crypt:3)
  19 wasps
  An ettin simulacrum (Vaults:1)
  An orb spider zombie (Crypt:1)
  13 porcupines
  A black bear (Lair:6)
  6 necrophages
  8 eyes of draining
  10 sky beasts
  3 human zombies
  A black bear (shapeshifter) (Vaults:1)
  23 centaurs
  46 ogres
  An eye of draining (shapeshifter) (Depths:2)
  12 ice beasts
  12 boggarts
  48 orc warriors
  16 crocodiles
  6 big kobolds
  A komodo dragon zombie (Lair:6)
  24 giant frogs
  A wyvern zombie (D:14)
  7 earth elementals
  2 human skeletons (Vaults:3)
  A wyvern skeleton (D:11)
  A water moccasin zombie (D:12)
  A boulder beetle zombie (Crypt:1)
  7 scorpions
  A warg zombie (Crypt:2)
  42 killer bees
  A polar bear zombie (Crypt:1)
  A spriggan skeleton (Crypt:2)
  6 electric eels
  A swamp dragon simulacrum (IceCv)
  10 wights
  An orc simulacrum (Vaults:1)
  A small abomination (Zig:2)
  A snapping turtle simulacrum (Crypt:1)
  7 crimson imps
  9 hounds
  A jelly (shapeshifter) (Depths:3)
  4 giant frog zombies
  A black bear zombie (Crypt:1)
  A draconian simulacrum (IceCv)
  3 quasits
  3 centaur zombies
  A giant frog skeleton (D:6)
  31 jellies
  25 orc wizards
  3 centaur skeletons
  4 hell rats (Lair:7)
  34 orc priests
  16 iguanas
  11 worker ants
  3 troll simulacra (IceCv)
  2 spriggan simulacra (IceCv)
  A naga zombie (Crypt:2)
  31 sheep
  3 centaur simulacra (IceCv)
  2 crocodile zombies (Lair:6)
  A hound zombie (D:7)
  2 hound skeletons (D:4)
  A mummy (Crypt:1)
  2 worker ant zombies
  4 gnolls (D:9)
  9 adders
  3 shadow imps
  A naga simulacrum (IceCv)
  2 ogre simulacra (IceCv)
  29 river rats
  9 white imps
  An ooze (D:2)
  2 adder zombies
  A lava snake skeleton (Crypt:2)
  A ball lightning (Depths:3)
  20 worms
  3 giant geckos
  123 orcs
  6 giant cockroaches
  A giant cockroach (shapeshifter) (Depths:2)
  9 goblins
  5 hobgoblins
  5 jackals
  31 kobolds
  2 quokkas
  3 ball pythons (D:1)
  6 bats
  5 giant newts
  A jackal zombie (Crypt:1)
  4 rats
  2 crawling corpses (Depths:4)
  A plant (Depths:2)
  2 withered plants (Crypt:3)
2619 creatures vanquished.

Vanquished Creatures (collateral kills)
  A Shadow Fiend (Zig:9)
  A balrug (Zig:10)
  The ghost of Duffy the Fencer, a journeyman FoBe of Trog (D:13)
  A stone giant (Vaults:3)
  A salamander stormcaller (Vaults:3)
  A green death (Zig:9)
  A fire dragon (Lair:8)
  2 vault guards (D:13)
  Fannar (D:12)
  4 hydras
  A hell beast (Zig:9)
  2 centaur warriors
  An alligator (Swamp:3)
  A wolf spider (Spider:2)
  A stone giant skeleton (Zig:10)
  2 hellions
  An ice devil (Zig:9)
  A red devil (Zig:10)
  A freezing wraith (IceCv)
  A merfolk (shapeshifter) (Vaults:3)
  A fire drake (D:15)
  An ice dragon zombie (Zig:10)
  A troll (D:15)
  2 vampire mosquitoes (D:15)
  A hippogriff (D:12)
  A basilisk (D:15)
  3 insubstantial wisps (Swamp:3)
  A swamp drake (Lair:8)
  A spiny frog skeleton (Zig:10)
  6 centaurs
  A giant frog (D:12)
  A scorpion (D:13)
  A worker ant (D:12)
  A draconian simulacrum (IceCv)
  2 troll simulacra (IceCv)
  A centaur simulacrum (IceCv)
  2 naga simulacra (IceCv)
  An ogre simulacrum (IceCv)
  4 white imps (IceCv)
  2 orcs (D:12)
60 creatures vanquished.

Vanquished Creatures (others)
  A draconian monk (Zig:7)
  A hydra (Swamp:3)
  A giant orange brain (Depths:3)
  A lindwurm (shapeshifter) (Depths:3)
  A hornet (shapeshifter) (Depths:3)
  A raiju (Depths:3)
  3 water elementals (Depths:3)
  A vampire mosquito (Vaults:1)
  An insubstantial wisp (Depths:3)
  A swamp drake (Swamp:4)
  2 orc warriors
  A centaur (Vaults:1)
  An orc wizard (Elf:1)
  A centaur simulacrum (IceCv)
  12 ball lightnings (Depths:3)
  2 orcs
  2 fungi
  7 lost souls
  32 plants
  2 starspawn tentacles (Zig:2)
  10 starspawn tentacle segments (Zig:2)
  8 toadstools (Swamp:1)
  4 withered plants (Crypt:3)
96 creatures vanquished.

Grand Total: 2775 creatures vanquished

Notes
Turn   | Place    | Note
--------------------------------------------------------------
     0 | D:1      | JokEr the Minotaur Fighter began the quest for the Orb.
     0 | D:1      | Reached XP level 1. HP: 19/19 MP: 0/0
   188 | D:1      | Reached XP level 2. HP: 25/27 MP: 1/1
   189 | D:1      | Reached skill level 4 in Fighting
   811 | D:2      | Reached XP level 3. HP: 29/34 MP: 2/2
  1107 | D:2      | Found an iron altar of Okawaru.
  1742 | D:3      | You fall through a shaft for 3 floors!
  1819 | D:6      | Noticed a big kobold
  1854 | D:6      | Reached skill level 5 in Fighting
  1854 | D:6      | Reached XP level 4. HP: 37/42 MP: 3/3
  1931 | D:5      | Entered Level 5 of the Dungeon
  2023 | D:4      | Found a bloodstained altar of Trog.
  2091 | D:4      | Became a worshipper of Trog the Wrathful
  2327 | D:4      | Reached XP level 5. HP: 48/48 MP: 4/4
  2388 | D:4      | Reached skill level 5 in Long Blades
  2740 | D:4      | Found a stormy altar of Qazlal.
  2795 | D:4      | Reached skill level 6 in Fighting
  2818 | D:4      | Reached XP level 6. HP: 34/57 MP: 3/5
  3063 | D:5      | Noticed a water moccasin
  3074 | D:5      | Killed a water moccasin
  3074 | D:5      | Reached skill level 7 in Fighting
  3086 | D:5      | Reached XP level 7. HP: 23/66 MP: 6/6
  3760 | D:5      | Found a staircase to the Ecumenical Temple.
  3950 | Temple   | Entered the Ecumenical Temple
  4376 | D:6      | Reached * piety under Trog
  4447 | D:6      | Reached skill level 8 in Fighting
  4954 | D:6      | Reached XP level 8. HP: 75/75 MP: 7/7
  5077 | D:6      | Reached skill level 9 in Fighting
  5329 | D:7      | Reached skill level 10 in Fighting
  5333 | D:7      | Reached skill level 10 in Long Blades
  5338 | D:7      | Reached ** piety under Trog
  5338 | D:7      | Reached XP level 9. HP: 50/86 MP: 2/8
  5686 | D:7      | Found a burning altar of Makhleb.
  5687 | D:7      | Found a radiant altar of Vehumet.
  5763 | D:7      | Found a snail-covered altar of Cheibriados.
  5775 | D:7      | Reached skill level 11 in Fighting
  6146 | D:7      | Noticed Menkaure
  6161 | D:7      | Killed Menkaure
  6835 | D:8      | Found a white marble altar of Elyvilon.
  6984 | D:8      | Reached skill level 12 in Fighting
  7159 | D:8      | Found Maehyux's Antique Armour Shop.
  7159 | D:8      | Noticed a manticore
  7172 | D:8      | Killed a manticore
  7172 | D:8      | Reached XP level 10. HP: 62/97 MP: 5/9
  7312 | D:8      | Bought an emerald-encrusted ring mail for 297 gold pieces
  7312 | D:8      | Identified the +4 ring mail "Zusocw" {rC++ Int-3} (You bought it in a shop on level 8 of the Dungeon)
  7326 | D:8      | Found a staircase to the Lair.
  7499 | D:8      | Reached *** piety under Trog
  8106 | D:9      | Found a sacrificial altar of Ru.
  8527 | D:10     | Entered Level 10 of the Dungeon
  8567 | D:10     | Noticed a hill giant
  8580 | D:10     | Killed a hill giant
  8580 | D:10     | Reached skill level 13 in Fighting
  8740 | D:10     | Noticed Nergalle
  8757 | D:10     | Killed Nergalle
  9187 | D:10     | Noticed Joseph
  9203 | D:10     | Killed Joseph
  9289 | D:10     | Reached skill level 14 in Fighting
  9289 | D:10     | Reached XP level 11. HP: 96/110 MP: 8/10
  9368 | D:10     | Reached **** piety under Trog
  9530 | D:10     | Noticed a hill giant
  9541 | D:10     | Killed a hill giant
  9607 | D:10     | Noticed Psyche
  9612 | D:10     | Paralysed by Psyche for 5 turns
  9623 | D:10     | Killed Psyche
  9912 | Lair:1   | Entered Level 1 of the Lair of Beasts
 10343 | Lair:1   | Reached skill level 1 in Dodging
 11282 | Lair:1   | Reached skill level 15 in Fighting
 11516 | Lair:1   | Reached ***** piety under Trog
 12252 | Lair:1   | Got a scintillating bronze ring
 12408 | Lair:1   | Received a gift from Trog
 12470 | Lair:1   | Identified the ring of Jealousy {rF+ Int+7} (You found it on level 1 of the Lair of Beasts)
 12485 | Lair:2   | Noticed a six-headed hydra
 12494 | Lair:2   | Killed a nine-headed hydra
 12632 | Lair:2   | Reached skill level 5 in Dodging
 13543 | Lair:2   | Reached XP level 12. HP: 122/122 MP: 11/11
 14042 | Lair:3   | Reached skill level 16 in Fighting
 15060 | Lair:3   | Reached skill level 5 in Armour
 15999 | Lair:4   | Got a polished long sword
 16000 | Lair:4   | Identified the +7 long sword of Equilibrium {venom, rC+ Int+3} (You found it on level 4 of the Lair of Beasts)
 16710 | Lair:5   | Noticed crawlian's ghost (journeyman DEEE)
 16739 | Lair:5   | Killed crawlian's ghost
 16866 | Lair:5   | Noticed a four-headed hydra
 16871 | Lair:5   | Killed an eight-headed hydra
 16871 | Lair:5   | Reached skill level 10 in Armour
 16950 | Lair:5   | Noticed a four-headed hydra
 16971 | Lair:5   | Killed an 11-headed hydra
 17340 | Lair:5   | Received a gift from Trog
 17672 | Lair:5   | Reached XP level 13. HP: 124/129 MP: 12/12
 18014 | Lair:6   | Found a staircase to the Slime Pits.
 18022 | Lair:6   | Reached skill level 5 in Shields
 18510 | Lair:6   | Found a hole to the Spider Nest.
 18580 | Lair:6   | Found a staircase to the Swamp.
 19249 | Lair:7   | Noticed Maud
 19260 | Lair:6   | Killed Maud
 19305 | Lair:6   | Reached skill level 10 in Shields
 19350 | Lair:7   | Received a gift from Trog
 19479 | Lair:7   | Reached skill level 15 in Long Blades
 19560 | Lair:7   | Noticed Rupert
 19580 | Lair:7   | Killed Rupert
 20096 | Lair:7   | Reached ****** piety under Trog
 20150 | Lair:8   | Entered Level 8 of the Lair of Beasts
 20359 | Lair:8   | Reached XP level 14. HP: 137/137 MP: 13/13
 20731 | Lair:8   | Received a gift from Trog
 21994 | D:9      | Reached skill level 10 in Dodging
 22207 | D:11     | Found a frozen archway.
 22229 | IceCv    | Entered an ice cave
 22805 | IceCv    | Found an ancient bone altar of Kikubaaqudgha.
 22870 | IceCv    | Received a gift from Trog
 23222 | D:11     | Found a flickering gateway to a bazaar.
 23252 | Bazaar   | Entered a bazaar
 23266 | Bazaar   | Found Debaufemp's Antique Weapon Shoppe.
 23266 | Bazaar   | Found Kecsim's Magic Scroll Emporium.
 23289 | Bazaar   | Found Lafe's Weapon Emporium.
 23311 | Bazaar   | Found Yppum's Jewellery Shoppe.
 23392 | Bazaar   | Bought a scroll of blinking for 105 gold pieces
 23392 | Bazaar   | Bought a scroll of identify for 28 gold pieces
 23392 | Bazaar   | Bought a scroll of identify for 28 gold pieces
 23442 | D:11     | Noticed Sonja
 23455 | D:11     | Killed Sonja
 23556 | D:11     | Received a gift from Trog
 23774 | D:12     | Found a staircase to the Orcish Mines.
 23829 | D:12     | Noticed Gastronok
 23831 | D:12     | Noticed Fannar
 23832 | D:12     | Noticed Nessos
 23847 | D:12     | Killed Fannar
 23848 | D:12     | Killed Nessos
 23857 | D:12     | Killed Gastronok
 23857 | D:12     | Reached skill level 17 in Fighting
 23960 | D:12     | Noticed 4thArraOfDagon's ghost (novice HOGl)
 23974 | D:12     | Killed 4thArraOfDagon's ghost
 24372 | D:12     | Found Xixos's Food Emporium.
 24395 | D:12     | Bought 3 fruits for 54 gold pieces
 24395 | D:12     | Bought a bread ration for 60 gold pieces
 24395 | D:12     | Bought a bread ration for 60 gold pieces
 24395 | D:12     | Bought a slice of pizza for 18 gold pieces
 24395 | D:12     | Bought 3 fruits for 54 gold pieces
 24395 | D:12     | Bought a bread ration for 60 gold pieces
 24395 | D:12     | Bought a bread ration for 60 gold pieces
 24412 | D:12     | Noticed Urug
 24421 | D:12     | Killed Urug
 24833 | D:13     | Received a gift from Trog
 24859 | D:13     | Got a sapphire long sword {god gift}
 24860 | D:13     | Identified the +2 long sword of Trog's Wrath {vamp, -Tele Str+2 Int+2} (Trog gifted it to you on level 13 of the Dungeon)
 24958 | D:13     | Found a gate to the Vaults.
 24961 | D:13     | Noticed Duffy's ghost (journeyman FoBe)
 24975 | D:13     | Reached XP level 15. HP: 149/149 MP: 14/14
 24986 | D:13     | Killed Duffy's ghost
 25937 | D:14     | Reached skill level 18 in Fighting
 26297 | D:15     | Entered Level 15 of the Dungeon
 26500 | D:15     | Found an oddly glowing altar of Pakellas.
 26515 | D:15     | Received a gift from Trog
 26716 | D:15     | Gained mutation: You are partially covered in thin metallic scales (AC +2). [a neqoxec]
 26806 | D:15     | Found a staircase to the Depths.
 27584 | Orc:1    | Entered Level 1 of the Orcish Mines
 27590 | Orc:1    | Received a gift from Trog
 27667 | Orc:1    | Found Kesothick's Jewellery Boutique.
 27689 | Orc:1    | Bought an uncursed amulet of regeneration for 480 gold pieces
 27811 | Orc:1    | Found a flagged portal.
 27828 | Bailey   | Entered a bailey
 28186 | Bailey   | Got a faintly glowing executioner's axe
 28713 | Orc:2    | Entered Level 2 of the Orcish Mines
 28730 | Orc:2    | Received a gift from Trog
 28744 | Orc:2    | Found a staircase to the Elven Halls.
 28903 | Orc:2    | Found Wuonwiel's Magic Scroll Boutique.
 28952 | Orc:2    | Found Ceitsynga's Magic Scroll Shop.
 29243 | Orc:2    | Bought a scroll of identify for 34 gold pieces
 29243 | Orc:2    | Bought a scroll of teleportation for 51 gold pieces
 29243 | Orc:2    | Bought a scroll of identify for 34 gold pieces
 29243 | Orc:2    | Bought a scroll of recharging for 161 gold pieces
 29243 | Orc:2    | Bought a scroll of identify for 34 gold pieces
 29243 | Orc:2    | Bought a scroll of teleportation for 51 gold pieces
 29243 | Orc:2    | Bought a scroll of identify for 34 gold pieces
 29243 | Orc:2    | Bought a scroll of identify for 34 gold pieces
 29322 | Orc:2    | Reached skill level 15 in Armour
 29331 | Orc:2    | Found Ywos's Gadget Emporium.
 29331 | Orc:2    | Found Hopsom's Antique Armour Shoppe.
 29331 | Orc:2    | Found a one-way gate leading to the halls of Pandemonium.
 29425 | Orc:2    | Bought a scroll of identify for 32 gold pieces
 29425 | Orc:2    | Bought a scroll of blinking for 120 gold pieces
 29425 | Orc:2    | Bought a scroll of enchant armour for 120 gold pieces
 29425 | Orc:2    | Bought a scroll of identify for 32 gold pieces
 29425 | Orc:2    | Bought a scroll of teleportation for 48 gold pieces
 29431 | Orc:2    | Gained mutation: Your flesh is cold resistant. [potion of beneficial mutation]
 29470 | Orc:2    | Received a gift from Trog
 29647 | Orc:2    | Found a flickering gateway to a bazaar.
 29657 | Bazaar   | Entered a bazaar
 29657 | Bazaar   | Found Ibriogak's Distillery.
 29657 | Bazaar   | Found Coudonn's Magic Scroll Emporium.
 29671 | Bazaar   | Bought a scroll of summoning for 95 gold pieces
 29671 | Bazaar   | Bought a scroll of enchant weapon for 75 gold pieces
 29671 | Bazaar   | Bought a scroll of enchant armour for 75 gold pieces
 29679 | Bazaar   | Bought a potion of heal wounds for 70 gold pieces
 29679 | Bazaar   | Bought a potion of might for 56 gold pieces
 29730 | Orc:2    | Found a runed door.
 29840 | Orc:2    | Reached XP level 16. HP: 150/159 MP: 15/15
 29851 | Orc:2    | Received a gift from Trog
 29881 | Orc:2    | Found a roughly hewn altar of Beogh.
 30098 | Orc:2    | Upgraded the game from 0.18-a0-884-gb6cfd45 to 0.18-a0-888-gdb73dea
 30324 | Spider:1 | Entered Level 1 of the Spider Nest
 30642 | Spider:1 | Reached skill level 1 in Evocations
 31070 | Spider:2 | Noticed Jorgrun
 31190 | Spider:2 | Killed Jorgrun
 31192 | Spider:2 | Noticed Frances
 31197 | Spider:2 | Reached skill level 5 in Evocations
 31209 | Spider:1 | Received a gift from Trog
 31285 | Spider:2 | Paralysed by a hornet for 4 turns
 31299 | Spider:2 | Killed Frances
 31658 | Spider:2 | Got a sparkling pewter ring
 31707 | Spider:2 | Identified the ring of Izxewet {Ice *Contam rN+ Str+5} (You found it on level 2 of the Spider Nest)
 31742 | Spider:2 | Noticed Nikola
 31762 | Spider:2 | Killed Nikola
 32642 | Spider:3 | Got a scorched great sword
 32643 | Spider:3 | Identified the +9 great sword of the Wraith {freeze, Int+5} (You found it on level 3 of the Spider Nest)
 33132 | Spider:4 | Entered Level 4 of the Spider Nest
 33514 | Spider:4 | Noticed Roxanne
 33527 | Spider:4 | Reached skill level 19 in Fighting
 33571 | Spider:4 | Killed Roxanne
 33982 | Spider:4 | Reached XP level 17. HP: 168/168 MP: 23/23
 34147 | Spider:4 | Received a gift from Trog
 35115 | Spider:4 | Got a gossamer rune of Zot
 35553 | Vaults:1 | Entered Level 1 of the Vaults
 35616 | Vaults:1 | Reached skill level 20 in Fighting
 35955 | Vaults:1 | Received a gift from Trog
 36434 | Vaults:1 | Noticed a tentacled monstrosity
 36450 | Vaults:1 | Killed a tentacled monstrosity
 36897 | Vaults:1 | Reached XP level 18. HP: 178/180 MP: 24/24
 36906 | Vaults:1 | Gained mutation: You are agile. (Dex +2) [a neqoxec]
 37052 | Vaults:1 | Found Riemusytuli's Jewellery Shop.
 37224 | Vaults:1 | Received a gift from Trog
 38369 | Vaults:2 | Received a gift from Trog
 38759 | Vaults:2 | Noticed Wiglaf
 38777 | Vaults:2 | Killed Wiglaf
 39202 | Vaults:2 | Received a gift from Trog
 39923 | Vaults:3 | Reached skill level 15 in Shields
 40173 | Vaults:3 | Received a gift from Trog
 40199 | Vaults:3 | Found a staircase to the Crypt.
 40719 | Vaults:3 | Reached XP level 19. HP: 188/188 MP: 25/25
 40736 | Vaults:3 | Received a gift from Trog
 41200 | Vaults:3 | Noticed M4edhros's ghost (adept OpAr)
 41218 | Vaults:3 | Killed M4edhros's ghost
 41257 | Vaults:3 | Reached skill level 21 in Long Blades
 41837 | Vaults:3 | Received a gift from Trog
 42902 | Vaults:4 | Received a gift from Trog
 43133 | Vaults:4 | Got a smoking short sword {god gift}
 43134 | Vaults:4 | Identified the +7 short sword of Domination {venom, rPois} (Trog gifted it to you on level 4 of the Vaults)
 44154 | Vaults:2 | Received a gift from Trog
 44481 | Swamp:1  | Entered Level 1 of the Swamp
 44551 | Swamp:1  | Identified a scroll of acquirement
 44714 | Swamp:1  | Reached XP level 20. HP: 198/198 MP: 26/26
 44813 | Swamp:1  | You fall through a shaft!
 45858 | Swamp:3  | Noticed Aizul
 45914 | Swamp:3  | Killed Aizul
 45959 | Swamp:3  | Reached skill level 22 in Long Blades
 46875 | Swamp:4  | Entered Level 4 of the Swamp
 46902 | Swamp:4  | Received a gift from Trog
 48890 | Swamp:4  | Got a decaying rune of Zot
 49170 | Swamp:4  | Upgraded the game from 0.18-a0-888-gdb73dea to 0.18-a0-900-gbbf5c82
 49531 | Depths:1 | Entered Level 1 of the Depths
 49851 | Depths:1 | Noticed Saint Roka
 49881 | Depths:1 | Killed Saint Roka
 49883 | Depths:1 | Received a gift from Trog
 50174 | Depths:1 | Got a jewelled scimitar
 50175 | Depths:1 | Identified the cursed +3 scimitar of Untruth {antimagic, +Rage Int+4} (You found it on level 1 of the Depths)
 50275 | Depths:1 | Found a gateway to Hell.
 50515 | Depths:1 | Reached XP level 21. HP: 142/210 MP: 27/27
 50696 | Depths:1 | Found Lokhaf's Book Emporium.
 50974 | Depths:2 | Found a sparkling altar of Nemelex Xobeh.
 51617 | Depths:2 | Found a one-way gate to the infinite horrors of the Abyss.
 51637 | Depths:2 | Received a gift from Trog
 52046 | Depths:2 | Reached skill level 15 in Dodging
 52626 | Depths:3 | Noticed Jory
 52650 | Depths:3 | Killed Jory
 54457 | Depths:4 | Received a gift from Trog
 54574 | Depths:5 | Entered Level 5 of the Depths
 54612 | Depths:5 | Reached XP level 22. HP: 197/217 MP: 28/28
 54738 | Depths:5 | Reached skill level 10 in Evocations
 55490 | Depths:5 | Received a gift from Trog
 55532 | Depths:5 | Found a gateway to a ziggurat.
 55703 | Depths:5 | Found a gate to the Realm of Zot.
 56162 | Depths:5 | Found Onnaj's Antique Armour Shoppe.
 56506 | Elf:1    | Entered Level 1 of the Elven Halls
 56911 | Elf:1    | Received a gift from Trog
 57061 | Elf:1    | Gained mutation: You are covered in fur (AC +1). [potion of beneficial mutation]
 57077 | Elf:1    | Gained mutation: You tend to lose your temper in combat. [mutagenic glow]
 57222 | Orc:2    | Bought a wand of teleportation (4/9) for 408 gold pieces
 58011 | Elf:2    | Found Wownauh's Jewellery Boutique.
 58143 | Elf:2    | Received a gift from Trog
 58148 | Elf:2    | Noticed Agnes
 58167 | Elf:2    | Killed Agnes
 58176 | Elf:2    | Found Innumnez's Antique Armour Emporium.
 58208 | Elf:2    | Got a polished demon blade {god gift}
 58319 | Elf:2    | Identified the +8 demon blade of Light {venom, rC+ Int+6 Dex+2} (Trog gifted it to you on level 2 of the Elven Halls)
 58334 | Elf:2    | Bought an uncursed amulet of resist corrosion for 300 gold pieces
 58379 | Elf:2    | Found Selaufing's General Store.
 58392 | Elf:2    | Bought a scroll of identify for 32 gold pieces
 58392 | Elf:2    | Bought a scroll of blinking for 120 gold pieces
 58392 | Elf:2    | Bought 2 potions of haste for 320 gold pieces
 58392 | Elf:2    | Bought a scroll of identify for 32 gold pieces
 58427 | Elf:2    | Found Qyogoen's Antique Weapon Shop.
 58478 | Elf:2    | Reached XP level 23. HP: 191/225 MP: 33/33
 58599 | Elf:2    | Found Hiunuoj's Armour Shop.
 58603 | Elf:2    | Bought the +4 large shield of Springtime {Dex+4} for 758 gold pieces
 58763 | Elf:2    | Found a huge runed gate.
 58763 | Elf:2    | Found a huge runed gate.
 58764 | Elf:2    | Found a huge runed gate.
 58765 | Elf:2    | Found a huge runed gate.
 58770 | Elf:2    | Found a huge runed gate.
 58779 | Elf:2    | Noticed Norris
 58798 | Elf:2    | Killed Norris
 58798 | Elf:2    | Reached skill level 15 in Evocations
 59228 | Elf:2    | Lost mutation: You tend to lose your temper in combat. [potion of cure mutation]
 59228 | Elf:2    | Lost mutation: Your flesh is cold resistant. [potion of cure mutation]
 59228 | Elf:2    | Lost mutation: You are agile. (Dex +2) [potion of cure mutation]
 59228 | Elf:2    | Lost mutation: You are covered in fur (AC +1). [potion of cure mutation]
 59230 | Elf:3    | Entered Level 3 of the Elven Halls
 59381 | Elf:3    | Received a gift from Trog
 60398 | Elf:3    | Received a gift from Trog
 60562 | Elf:3    | Got a fine demon blade
 60565 | Elf:3    | Identified the +10 demon blade of Ubijet {drain, rElec rN++ MR+ Int-3} (You acquired it on level 3 of the Elven Halls)
 60971 | Slime:1  | Entered Level 1 of the Pits of Slime
 61407 | Slime:1  | Gained mutation: Your body sometimes deteriorates upon taking damage. [a shining eye]
 61410 | Slime:1  | Gained mutation: Your body often deteriorates upon taking damage. [a shining eye]
 62331 | Slime:6  | Entered Level 6 of the Pits of Slime
 62372 | Slime:6  | Received a gift from Trog
 62557 | Slime:6  | Gained mutation: Your magical capacity is low (-10% MP). [a shining eye]
 62560 | Slime:6  | Gained mutation: Your magical capacity is very low (-20% MP). [a shining eye]
 62566 | Slime:6  | Gained mutation: You occasionally shout uncontrollably at your foes. [a shining eye]
 62568 | Slime:6  | Gained mutation: Scrolls take you a little longer to read. [a shining eye]
 62569 | Slime:6  | Gained mutation: You tend to lose your temper in combat. [a shining eye]
 62640 | Slime:6  | Reached XP level 24. HP: 147/234 MP: 27/27
 62978 | Slime:6  | Noticed the Royal Jelly
 62988 | Slime:6  | Killed the Royal Jelly
 63256 | Slime:6  | Got a slimy rune of Zot
 63376 | Slime:3  | Gained mutation: You often lose your temper in combat. [a shining eye]
 63402 | Slime:3  | Lost mutation: Your body often deteriorates upon taking damage. [potion of cure mutation]
 63402 | Slime:3  | Lost mutation: Your body sometimes deteriorates upon taking damage. [potion of cure mutation]
 63402 | Slime:3  | Lost mutation: You often lose your temper in combat. [potion of cure mutation]
 63402 | Slime:3  | Lost mutation: You tend to lose your temper in combat. [potion of cure mutation]
 63403 | Slime:3  | Lost mutation: You occasionally shout uncontrollably at your foes. [potion of cure mutation]
 63403 | Slime:3  | Lost mutation: Your magical capacity is very low (-20% MP). [potion of cure mutation]
 63403 | Slime:3  | Lost mutation: Your magical capacity is low (-10% MP). [potion of cure mutation]
 63403 | Slime:3  | Lost mutation: Scrolls take you a little longer to read. [potion of cure mutation]
 63403 | Slime:3  | Lost mutation: You are partially covered in thin metallic scales (AC +2). [potion of cure mutation]
 63746 | Slime:2  | Gained mutation: Your spells are a little easier to cast, but a little less powerful. [a shining eye]
 63749 | Slime:2  | Gained mutation: You regenerate slowly when monsters are visible. [a shining eye]
 63750 | Slime:2  | Gained mutation: You occasionally shout uncontrollably at your foes. [a shining eye]
 64846 | Temple   | Fell from the grace of Trog
 64846 | Temple   | Became a worshipper of the Shining One
 65146 | Crypt:1  | Entered Level 1 of the Crypt
 65175 | Crypt:1  | Noticed a greater mummy
 65194 | Crypt:1  | Killed a greater mummy
 65206 | Crypt:1  | Reached * piety under the Shining One
 65344 | Crypt:1  | Noticed Khufu
 65348 | Crypt:1  | Noticed a greater mummy
 65358 | Crypt:1  | Killed a greater mummy
 65720 | Crypt:1  | Reached skill level 23 in Armour
 65733 | Crypt:1  | Killed Khufu
 65755 | Crypt:1  | Reached ** piety under the Shining One
 66001 | Crypt:1  | Noticed Margery
 66015 | Crypt:1  | Killed Margery
 66297 | Crypt:1  | Reached *** piety under the Shining One
 66661 | Crypt:1  | Found an ancient bone altar of Kikubaaqudgha.
 66914 | Crypt:2  | Reached **** piety under the Shining One
 67024 | Crypt:2  | Reached skill level 24 in Armour
 67266 | Crypt:2  | Reached ***** piety under the Shining One
 67424 | Crypt:3  | Entered Level 3 of the Crypt
 67818 | Crypt:3  | Reached ****** piety under the Shining One
 67851 | Crypt:3  | Identified a +9 eudemon blade of holy wrath (a +9 demon blade of venom blessed by the Shining One)
 67851 | Crypt:3  | Received a gift from the Shining One
 68049 | Crypt:3  | Noticed an ancient lich
 68065 | Crypt:3  | Killed an ancient lich
 68360 | Crypt:3  | Reached XP level 25. HP: 243/243 MP: 34/34
 68720 | Crypt:3  | Found a staircase to the Tomb.
 68760 | Crypt:3  | Got a steaming ivory ring
 68775 | Crypt:3  | Identified the ring of Soitiq {rF+ MR+ Dex+5} (You found it on level 3 of the Crypt)
 68789 | Crypt:3  | Noticed an ancient lich
 68803 | Crypt:3  | Killed an ancient lich
 69370 | Vaults:3 | Reached skill level 5 in Invocations
 69855 | Zig:1    | Entered Level 1 of a ziggurat
 69901 | Zig:2    | Entered Level 2 of a ziggurat
 69942 | Zig:3    | Entered Level 3 of a ziggurat
 69981 | Zig:4    | Entered Level 4 of a ziggurat
 70204 | Zig:5    | Entered Level 5 of a ziggurat
 70285 | Zig:6    | Entered Level 6 of a ziggurat
 70485 | Zig:7    | Entered Level 7 of a ziggurat
 70486 | Zig:7    | Noticed WhatIsLove's ghost (legendary DsBe)
 70502 | Zig:7    | Killed WhatIsLove's ghost
 70673 | Zig:8    | Entered Level 8 of a ziggurat
 71087 | Zig:9    | Entered Level 9 of a ziggurat
 71097 | Zig:9    | Noticed Baprim the pandemonium lord
 71098 | Zig:9    | Reached skill level 10 in Invocations
 71109 | Zig:9    | Gained mutation: You sometimes yell uncontrollably at your foes. [a cacodemon]
 71110 | Zig:9    | Killed Baprim the pandemonium lord
 71199 | Zig:9    | Got a crude plate armour
 71205 | Zig:9    | Identified the cursed +1 plate armour of the Prince {MP+9 Dex+2} (You found it on level 9 of a ziggurat)
 71325 | Zig:10   | Entered Level 10 of a ziggurat
 71342 | Zig:10   | HP: 12/243 [hellion/burst of hellfire (35)]
 71343 | Zig:10   | Killed from afar by a hellion

Vault maps used:
D:1:      minmay_arrival_loop, serial_bayou_crossing
D:2:      lemuel_round_altar
D:3:      uniq_natasha
D:4:      lemuel_coloured_pillars_altar, kennysheep_mini_moat
D:5:      minmay_temple_entry_hall, first_bread
D:7:      grunt_temple_overflow_lords_of_destruction, cheibrodos_worm_habitat,
          uniq_menkaure
D:8:      elyvilon_altar_3, david_lair_shrubbed, serial_shops,
          nicolae_shop_overgrown_old_shop
D:9:      old_standard_altar, eino_curves_04
D:10:     uniq_nergalle, uniq_joseph, uniq_psyche
D:11:     serial_shops, bzr_entry_lakeside, portal_ice_cave_entry_pillars_01,
          uniq_sonja
D:12:     orc_0_dummy, serial_shops, shop_fountains, uniq_gastronok,
          uniq_nessos, uniq_urug, uniq_fannar
D:13:     lightli_vaults_fourway_checkpoint, special_room
D:14:     minivault_24
D:15:     grunt_enter_depths_giant_problem, special_room,
          hangedman_abyss_or_decor_clamps, grunt_pakellas_salt
Temple:   circular_temple_pool_12
Lair:1:   worms_lemuel
Lair:2:   beast_lair_carwin_9, bh_autumn_forest_stairs
Lair:3:   beast_lair_carwin_large_3, grunt_forest_small_clearing_treed
Lair:6:   pond_and_an_island_with_a_cottage, minmay_swamp_entry_swarm,
          nicolae_spider_entry_non_spiders, minmay_slime_entry_pillars,
          forest_entry_grove
Lair:7:   roderic_carrion_pond, uniq_rupert, uniq_maud
Lair:8:   guppyfry_lair_end_dragon, wormcave
Swamp:1:  cheibrodos_swamp_tower_of_moss, nicolae_swamp_godswood,
          infiniplex_staircase_pool, uniq_louise
Swamp:2:  evilmike_swamp_ruin_house_4
Swamp:3:  hangedman_swamp_blocks, uniq_aizul
Swamp:4:  swamp
Spider:2: nicolae_spider_webbed_stairs, uniq_frances, uniq_nikola, uniq_jorgrun
Spider:4: guppyfry_spider_rune, nicolae_spider_cling_ruins, uniq_roxanne
Slime:3:  cheibrodos_slime_lost_civilization_6
Slime:4:  cheibrodos_slime_lost_civilization_5
Orc:1:    serial_shops, shop, enter_bailey_3
Orc:2:    pf_orc_diabolical, lab_entry_generic, serial_shops, bzr_entry_islet,
          lightli_church_of_beogh
Elf:1:    minmay_elf_arrival_plus, orc_legates, kilobyte_mutagenic_chamber
Elf:2:    serial_shops, nicolae_shop_statue_plus, shop, shop, shop, shop_statue,
          abandoned_shop, hangedman_elven_ridges, spider_trap, uniq_norris,
          uniq_agnes
Elf:3:    minmay_elf_hall
Vaults:1: v_misc_32, ontoclasm_vaults_decontamination, st_eye, v_misc_14,
          hangedman_vaults_hat, v_alt_pattern_6, nicolae_vaults_theta,
          vaults_mumra_hex, v_misc_24, vaults_room_corners, vaults_room_fours,
          serial_shops, nicolae_shop_stone
Vaults:2: v_rooms_2, nicolae_vaults_rhombus_5, ontoclasm_vaults_twist,
          grunt_vaults_bifocal, nicolae_vaults_display_case, vaults_room_grid,
          v_misc_12, v_misc_16, ontoclasm_vaults_chip, ontoclasm_vaults_pinch,
          nicolae_vaults_border_crossing, nicolae_vaults_yaktaur_gun_rack,
          uniq_wiglaf
Vaults:3: ontoclasm_vaults_hangar, hangedman_vaults_slither,
          hangedman_vaults_trim, hangedman_vaults_river_flow, v_misc_17,
          st_squares, minmay_crypt_entry_simple_corners, v_misc_2, v_misc_12,
          nicolae_vaults_mini_display_case, vaults_mumra_lcd, vaults_dpeg_hooks,
          nicolae_vaults_little_squares_2
Vaults:4: hangedman_vaults_capsules, vaults_room_fours, v_misc_1, v_misc_33,
          grunt_vaults_trifunnel, vaults_room_hallway, v_misc_1,
          vaults_room_ringed_pool, hangedman_vaults_impose,
          vaults_dpeg_encased_lava
Crypt:1:  basic_altar, uniq_khufu, uniq_margery
Crypt:2:  st_stairs_12, grunt_megastairs_3
Crypt:3:  quadcrypt_mu
Depths:1: serial_column_ruins, column_ruins_portal_hut,
          column_ruins_hut_pillars, column_ruins_columns_straight,
          column_ruins_columns_corner, column_ruins_open_tiny,
          column_ruins_open_tiny, column_ruins_columns_straight,
          nrook_mini_vaults, serial_shops, shop, hell_entry,
          wheals_unrand_guarded_autumn_katana, uniq_saint_roka
Depths:2: nrook_guardian_serpent_snake_passage, hangedman_coc_ice_floe,
          minmay_crystal_room, abyss_entry, nemelex_diamond_rough_becter,
          serial_bayou_shore_a
Depths:3: radiant_caverns_b_rkd, hell_entry, pan_entry, uniq_jory
Depths:4: hangedman_arrow_trap, abyss_entry, serial_shops, shop, shop,
          special_room, minivault_14, hell_entry, uniq_boris
Depths:5: grunt_zot_entry_alcove, enter_ziggurat_e, solitary_fountain,
          hell_entry, serial_shops, nicolae_shop_stone
Zig:3:    ziggurat_pillar_centre_c
Zig:7:    ziggurat_pillar_centre_dead_trees
Zig:10:   ziggurat_pillar_centre_drop
Bazaar:   bazaar_short_row, bazaar_minmay_row
Bailey:   bailey_polearm_flooded_kennysheep, bailey
IceCv:    ice_cave_small_necro

Action                   |  1- 3 |  4- 6 |  7- 9 | 10-12 | 13-15 | 16-18 | 19-21 | 22-24 | 25-27 || total
-------------------------+-------+-------+-------+-------+-------+-------+-------+-------+-------++-------
Melee: Long sword        |   116 |    86 |   315 |   811 |  1659 |  1718 |  1632 |       |       ||  6337
       Katana            |       |       |       |       |       |       |   700 |  1417 |       ||  2117
       Demon blade       |       |       |       |       |       |       |       |   491 |       ||   491
       Eudemon blade     |       |       |       |       |       |       |       |   102 |   431 ||   533
Invok: Berserk           |       |       |     5 |    11 |    11 |    13 |    17 |     4 |       ||    61
       Trog's Hand       |       |       |     1 |     5 |    17 |    14 |    17 |    12 |       ||    66
       Brothers in Arms  |       |       |       |     1 |     7 |     6 |     4 |       |       ||    18
       Burn Spellbooks   |       |       |       |     3 |     6 |     3 |     4 |     9 |       ||    25
       Divine Shield     |       |       |       |       |       |       |       |     5 |    10 ||    15
       Brand Weapon With |       |       |       |       |       |       |       |     1 |       ||     1
       Summon Divine War |       |       |       |       |       |       |       |       |     8 ||     8
Evoke: Wand              |       |       |       |       |     2 |       |       |     4 |     9 ||    15
       Fan of gales      |       |       |       |       |       |       |       |       |     1 ||     1
       Lamp of fire      |       |       |       |       |       |       |       |       |     1 ||     1
  Use: Scroll            |     6 |       |    14 |     8 |    29 |    16 |    17 |    18 |    17 ||   125
       Potion            |       |       |     1 |     3 |    10 |    18 |    15 |    12 |     5 ||    64
 Stab: Distracted        |       |       |       |       |     1 |       |       |     1 |       ||     2
       Invisible         |       |       |       |       |       |     3 |       |       |       ||     3
       Sleeping          |       |       |       |       |       |       |       |     1 |       ||     1
  Eat: Chunk             |     1 |     4 |    12 |    46 |    52 |    19 |    20 |     7 |       ||   161
       Fruit             |     1 |     1 |     2 |     3 |     1 |     1 |     6 |       |       ||    15
       Bread ration      |       |       |     2 |     1 |       |     8 |     9 |     8 |     1 ||    29
       Beef jerky        |       |       |       |     1 |       |       |       |     1 |       ||     2
       Royal jelly       |       |       |       |     1 |       |       |       |       |       ||     1
       Pizza             |       |       |       |       |     1 |       |       |       |       ||     1
       Meat ration       |       |       |       |       |       |       |     1 |     2 |     1 ||     4
